 Dungeon Crawl Stone Soup version 0.32-a0-20-ge526923d97 (webtiles) character file.

Game seed: 10048701462233145675

61321 bobarctor the Grappler (level 14, -21/99 HPs)
             Began as a Demonspawn Shapeshifter on Jan 17, 2024.
             Was an Initiate of Yredelemnul.
             Demolished by a seven-headed hydra (24 damage)
             ... on level 5 of the Lair of Beasts.
             The game lasted 01:49:04 (22320 turns).

bobarctor the Grappler (Demonspawn Shapeshifter)   Turns: 22320, Time: 01:49:04

Health: -21/99     AC:  1    Str: 26    XL:     14   Next: 60%
Magic:  0/19       EV:  2    Int: 14    God:    Yredelemnul [......]
Gold:   2228       SH:  0    Dex: 14    Spells: 13/13 levels left

rFire   . . .        C - +11 short sword of Uskayaw's Condemnation {pain, *Rage Will+ Str+2}
rCold   . . .        (no shield)
rNeg    . . .        V - +0 leather armour of Sebb {Regen+ Int+3}
rPois   .            a - melded +1 hat
rElec   .            H - melded scarf {rC+ rF+}
rCorr   .            (gloves unavailable)
SInv    .            (boots currently unavailable)
Will    +++..        (no amulet)
Stlth   +            J - +4 ring of slaying
HPRegen 1.16/turn    E - +6 ring of strength
MPRegen 0.32/turn

%: random rage (20%), guardian spirit
@: lethally poisoned (-21 -> -22), beast-form, sleeping, on berserk cooldown,
slowed
A: beast (slay +4), horns 2, spiny 2, magic shield, magic regeneration, demonic
willpower, weakness stinger 1, demonic touch 3, deformed body, frail 1
a: Begin Untransformation, Renounce Religion, Recall Undead Harvest


You were on level 5 of the Lair of Beasts.
You worshipped Yredelemnul.
Yredelemnul was noncommittal.
You were a hulking beast.
You visited 3 branches of the dungeon, and saw 17 of its levels.
You also visited: Ossuary and Bailey.

You collected 2607 gold pieces.
You spent 379 gold pieces at shops.

Inventory:

Hand Weapons
 C - the +11 short sword of Uskayaw's Condemnation (weapon) {pain, *Rage Will+ Str+2}
   (You found it on level 4 of the Dungeon)

   Str+2:     It affects your strength (+2).
   Will+:     It increases your willpower.
   *Rage:     It berserks you when you make melee attacks (+20% chance).
Missiles
 e - 6 throwing nets
 g - 15 javelins
 r - 34 poisoned darts (quivered)
 s - 4 atropa-tipped darts
 x - 10 boomerangs
 y - 2 silver javelins
Armour
 a - a +1 hat (melded)
 l - a +1 robe of cold resistance
 H - a scarf of resistance (melded)
 M - the +2 leather armour of the Last Princes {rPois rN++ Str-4}
   (You bought it in a shop on level 9 of the Dungeon)

   Str-4:     It affects your strength (-4).
   rPois:     It protects you from poison rN++: It greatly protects you from
   negative energy.
 V - the +0 leather armour of Sebb (worn) {Regen+ Int+3}
   (You found it on level 4 of the Lair of Beasts)

   Int+3:     It affects your intelligence (+3).
   Regen+:    It increases your rate of health regeneration.
Jewellery
 E - a +6 ring of strength (right hand)
 F - a ring of see invisible
 J - a +4 ring of slaying (left hand)
Talismans
 c - a beast talisman (active)
Wands
 h - a wand of polymorph (6)
 i - a wand of flame (50)
 t - a wand of mindburst (10)
 K - a wand of roots (14)
 Q - a wand of light (7)
Scrolls
 b - a scroll of fear
 n - 3 scrolls of fog
 q - 3 scrolls of silence
 w - a scroll of enchant weapon
 A - 7 scrolls of identify
 D - a scroll of blinking
 G - a scroll of revelation
 I - 4 scrolls of teleportation
Potions
 f - 3 potions of invisibility
 m - 2 potions of haste
 o - 7 potions of might
 p - 10 potions of curing
 u - 5 potions of enlightenment
 v - 3 potions of magic
 z - 8 potions of heal wounds
 O - a potion of berserk rage


   Skills:
 + Level 10.2 Fighting
 + Level 9.2 Throwing
 + Level 9.1 Dodging
 * Level 12.9 Unarmed Combat
 * Level 6.9 Invocations
 * Level 12.0 Shapeshifting


You had 13 spell levels left.
You didn't know any spells.
Your spell library contained the following spells:

 Spells                   Type           Power      Damage    Failure   Level
 Slow                     Hex            0%         N/A       32%         1
 Sting                    Conj/Alch      0%         1d3       32%         1
 Summon Small Mammal      Summ           0%         N/A       32%         1
 Blink                    Tloc           0%         N/A       45%         2
 Ensorcelled Hibernation  Hex/Ice        0%         N/A       45%         2
 Lesser Beckoning         Tloc           0%         N/A       45%         2
 Mercury Vapours          Alch/Air       0%         N/A       45%         2
 Momentum Strike          Conj/Tloc      0%         3d8       45%         2
 Call Canine Familiar     Summ           0%         N/A       69%         3
 Confusing Touch          Hex            0%         N/A       69%         3
 Passwall                 Erth           0%         N/A       69%         3
 Sigil of Binding         Hex            0%         N/A       69%         3
 Stone Arrow              Conj/Erth      0%         3d7       69%         3
 Swiftness                Air            0%         N/A       69%         3
 Vampiric Draining        Necr           0%         2d6       69%         3
 Animate Armour           Summ/Erth      0%         N/A       97%         4
 Cause Fear               Hex            0%         N/A       97%         4
 Olgreb's Toxic Radiance  Alch           0%         N/A       97%         4
 Summon Blazeheart Golem  Fire/Summ      0%         N/A       97%         4
 Borgnjor's Vile Clutch   Necr/Erth      0%         N/A       100%        5
 Fireball                 Conj/Fire      0%         3d3       100%        5
 Lehudib's Crystal Spear  Conj/Erth      0%         10d2      100%        8
 Dragon's Call            Summ           0%         N/A       100%        9
 Animate Dead             Necr           Unusable   N/A       N/A         4
 Death Channel            Necr           Unusable   N/A       N/A         6

Dungeon Overview and Level Annotations

Branches:
Dungeon (11/15)            Temple (1/1) D:6            Lair (5/5) D:10
  Swamp (0/4) Lair:2        Snake (0/4) Lair:3          Orc (0/2) D:11
Ossuary (visited)          Bailey (visited)
  Slime: Lair:4-5

Altars:
Ashenzari
Cheibriados
Dithmenos
Fedhas
Gozag
Hepliaklqana
Kikubaaqudgha
Makhleb
Nemelex Xobeh
Okawaru
Qazlal
Ru
Sif Muna
Trog
Uskayaw
Vehumet
Wu Jian
Xom
Yredelemnul
Jiyva

Shops:
D:9 :[   D:11 *

Annotations:
Lair:4 3 runed translucent doors, Peulonen's ghost, journeyman TeDe


Innate Abilities, Weirdness & Mutations

You are a hulking beast.
Your limbs bulge with bestial killing power. (Slay +4)
You have a pair of horns on your head.
You are mostly covered in sharp spines.
When hurt, damage is shared between your health and your magic reserves.
You regenerate magic rapidly.
You punish those that try to bend your will. (Will+)
You have a small tail.
Your touch may irresistibly damage your foes and sap their willpower.
Armour fits poorly on your strangely shaped body.
You are frail. (-10% HP)


Message History

You are poisoned.
The water moccasin poisons you! The seven-headed hydra bites you!
The seven-headed hydra bites you but does no damage.
The seven-headed hydra completely misses you.
The seven-headed hydra misses you. x2
The seven-headed hydra closely misses you.
The seven-headed hydra bites you.
The yak moves out of view.
You miss the water moccasin.
The water moccasin is severely wounded.
You feel very sick.
The water moccasin is struck by your spines.
You kill the water moccasin!
The dream sheep ruffle their wool and motes of dream dust sparkle, to no effect.
The seven-headed hydra completely misses you.
The seven-headed hydra bites you! The seven-headed hydra misses you.
The seven-headed hydra bites you. x2
The seven-headed hydra completely misses you.
The seven-headed hydra bites you!
A yak comes into view.
A dream sheep comes into view.
The dream sheep headbutts you.
The yak bellows!
You hit the seven-headed hydra. You headbutt the seven-headed hydra!
You touch the seven-headed hydra!
You sap its willpower!
You punch the seven-headed hydra!
The seven-headed hydra is moderately wounded.
You feel sick. The seven-headed hydra misses you.
The seven-headed hydra bites you! x2
* * * LOW HITPOINT WARNING * * *
The seven-headed hydra closely misses you.
The seven-headed hydra completely misses you.
The seven-headed hydra bites you!
* * * LOW HITPOINT WARNING * * *
The seven-headed hydra closely misses you.
The yak is struck by your spines. The yak gores you!
* * * LOW HITPOINT WARNING * * *
The dream sheep shake their wool and sparkle.
You feel drowsy...
You fall asleep.
The seven-headed hydra bites you!!
You die...
Your body rises from the dead as a mindless zombie.

..#....#.................
......................Y..
......................Y..
................#.....#..
.....##......#. .....#.P.
#....#.......####....PP..
..........).##P..?.......
............##..DY....Y..
..#.............hY.......
####.............Y.......
#.##..#............... ##
###...........P....
##...............
#.###..#.#.###.## ##
###.#### ## ##


You could see a seven-headed hydra (weak-willed), 3 yaks and 3 dream sheep.

Vanquished Creatures
  Gastronok (D:8)
  Harold (D:10)
  2 hydras
  2 vault guards (Bailey)
  A centaur warrior (D:8)
  A catoblepas (Lair:2)
  A dancing weapon (D:9)
  8 two-headed ogres
  2 ogre magi
  4 death yaks (Lair:3)
  Amaemon (D:9)
  A lindwurm (Lair:2)
  4 cyclopes
  A salamander (Lair:3)
  The ghost of Laraso the Slicer, a novice VSEn of Nemelex Xobeh (D:7)
  2 manticores (D:8)
  5 black mambas
  8 elephants
  10 cane toads
  2 unseen horror zombies (D:7)
  5 rime drakes
  10 komodo dragons
  A tengu conjurer (D:8)
  A polar bear (Lair:3)
  5 trolls
  A polar bear (shapeshifter) (D:11)
  Prince Ribbit (D:6)
  2 hornets
  Grinder (D:5)
  10 blink frogs
  A shadow (D:10)
  7 wyverns
  2 slime creatures (D:8)
  8 humans (Bailey)
  Eustachio (D:6)
  26 yaks
  11 wargs (D:9)
  A steam dragon (D:8)
  4 basilisks
  3 nagas (Lair:3)
  13 water moccasins
  Edmund (D:5)
  A swamp drake (D:11)
  5 ice beasts
  3 black bears
  8 orc warriors
  8 wolves
  4 ogres
  4 centaurs
  2 kobold brigands
  A weeping skull (Ossuary)
  3 elf zombies (Ossuary)
  18 bullfrogs
  5 gnoll sergeants (D:9)
  4 scorpions
  2 burial acolytes (Ossuary)
  6 wights (D:8)
  10 killer bees
  4 howler monkeys
  A spectral centaur (D:7)
  An electric eel (Lair:4)
  A crimson imp (D:9)
  8 hounds
  A human zombie (Ossuary)
  A jelly (D:8)
  A bombardier beetle (D:6)
  3 gnoll boudas (D:9)
  13 orc priests
  A centaur skeleton (D:7)
  11 orc wizards
  A sleepcap (D:6)
  7 iguanas
  5 hound zombies (Ossuary)
  2 mummies (Ossuary)
  7 gnolls
  5 adders
  3 white imps
  2 ufetubi (D:5)
  A ribbon worm (D:5)
  2 dart slugs
  33 orcs
  4 bats
  7 endoplasms
  4 giant cockroaches
  6 gnoll zombies
  8 goblins
  5 hobgoblins
  6 jackals
  4 quokkas
  4 ball pythons (D:1)
  13 kobolds
  4 orc zombies (Ossuary)
  7 rats
443 creatures vanquished.

Vanquished Creatures (collateral kills)
  A two-headed ogre (D:9)
  A death yak (Lair:3)
  Urug (Lair:2)
  The ghost of timneilson the Insei, a novice OpSh of Gozag (D:9)
  A skyshark (Lair:4)
  An arcanist (D:9)
  A cyclops (D:9)
  2 elephants (Lair:2)
  An orange demon (D:9)
  4 cane toads (Lair:2)
  A komodo dragon (Lair:2)
  A polar bear (Lair:3)
  2 trolls
  A blink frog (Lair:2)
  A wyvern (Lair:2)
  5 yaks
  3 basilisks (Lair:2)
  3 wargs (D:9)
  3 water moccasins
  2 orc warriors
  2 black bears
  A wolf (Lair:4)
  A gnoll sergeant (D:9)
  4 howler monkeys (D:9)
  An orc priest (D:9)
  An orc wizard (D:9)
  2 gnolls (D:9)
  A ribbon worm (D:10)
  3 orcs
  2 kobolds (D:11)
54 creatures vanquished.

Vanquished Creatures (others)
  A black mamba zombie (Lair:2)
  A slime creature zombie (D:8)
  2 two-headed ogre zombies
  3 cane toad zombies
  3 blink frog zombies
  A manticore zombie (D:8)
  3 elephant zombies
  2 rime drake zombies (Lair:2)
  3 warg zombies (D:9)
  A wyvern zombie (Lair:2)
  4 water moccasin zombies
  8 yak zombies
  A tengu zombie (D:8)
  2 troll zombies (D:9)
  2 spectral wolves (Lair:4)
  3 wolf zombies
  6 bullfrog zombies
  A centaur zombie (D:9)
  A basilisk zombie (Lair:4)
  A black bear zombie (Lair:2)
  4 human zombies (Bailey)
  2 killer bee zombies (D:9)
  An ice beast zombie (D:8)
  2 howler monkey zombies (D:9)
  A steam dragon zombie (D:8)
  An adder (D:5)
  A ribbon worm zombie (D:10)
  A jelly zombie (D:8)
  A spectral white imp (D:8)
  4 gnoll zombies (D:9)
  2 kobold zombies
  25 orc zombies
94 creatures vanquished.

Grand Total: 591 creatures vanquished

Notes
Turn   | Place    | Note
-------+----------+-------------------------------------------
     0 | D:1      | bobarctor the Demonspawn Shapeshifter began the quest for
                  | the Orb.
     0 | D:1      | Reached XP level 1. HP: 15/15 MP: 1/1
   202 | D:1      | Discovered your monstrous ancestry.
   202 | D:1      | Gained mutation: You have a pair of small horns on your
                  | head. [demonic ancestry]
   202 | D:1      | Reached XP level 2. HP: 21/21 MP: 2/2
  1110 | D:2      | Reached XP level 3. HP: 20/26 MP: 3/3
  2337 | D:3      | Gained mutation: You have a pair of horns on your head.
                  | [demonic ancestry]
  2337 | D:3      | Reached XP level 4. HP: 22/33 MP: 4/4
  2430 | D:3      | Found a faded altar of an unknown god.
  2533 | D:4      | Noticed a scorpion
  2547 | D:4      | Killed a scorpion
  2548 | D:4      | Reached skill level 1 in Throwing
  2758 | D:4      | Gained mutation: You are partially covered in sharp spines.
                  | [demonic ancestry]
  2758 | D:4      | Reached XP level 5. HP: 37/38 MP: 5/5
  3182 | D:4      | Identified the +11 short sword of Uskayaw's Condemnation
                  | {pain, *Rage Will+ Str+2}
  3505 | D:5      | Entered Level 5 of the Dungeon
  3509 | D:5      | Reached XP level 6. HP: 46/46 MP: 6/6
  3520 | D:5      | Identified a scroll of acquirement
  3520 | D:5      | Acquired 896 gold pieces
  3639 | D:5      | Noticed Edmund
  3691 | D:5      | Killed Edmund
  3692 | D:5      | Gained mutation: Your touch may inflict minor irresistible
                  | damage on your foes. [demonic ancestry]
  3692 | D:5      | Reached XP level 7. HP: 37/52 MP: 7/7
  3719 | D:5      | Found a sand-covered staircase.
  3726 | Ossuary  | Entered an ossuary
  4148 | Ossuary  | Reached skill level 5 in Unarmed Combat
  4284 | Ossuary  | Reached skill level 5 in Shapeshifting
  4284 | Ossuary  | Gained mutation: You have a small tail. [demonic ancestry]
  4284 | Ossuary  | Reached XP level 8. HP: 58/59 MP: 8/8
  4458 | Ossuary  | Gained mutation: You are strong-willed. (Will+) [potion of
                  | mutation]
  4458 | Ossuary  | Gained mutation: You are dopey. (Int -2) [potion of
                  | mutation]
  4458 | Ossuary  | Gained mutation: You do not regenerate when monsters are
                  | visible. [potion of mutation]
  4459 | Ossuary  | Lost mutation: You are strong-willed. (Will+) [potion of
                  | mutation]
  4459 | Ossuary  | Lost mutation: You are dopey. (Int -2) [potion of mutation]
  4459 | Ossuary  | Lost mutation: You do not regenerate when monsters are
                  | visible. [potion of mutation]
  4459 | Ossuary  | Gained mutation: Your muscles are strong. (Str +4, Int/Dex
                  | -1) [potion of mutation]
  4459 | Ossuary  | Gained mutation: You have a pair of large horns on your
                  | head. [potion of mutation]
  4459 | Ossuary  | Lost mutation: Your muscles are strong. (Str +4, Int/Dex
                  | -1) [potion of mutation]
  4459 | Ossuary  | Gained mutation: You have large cloven feet. [potion of
                  | mutation]
  5057 | D:5      | Noticed Grinder
  5063 | D:5      | Killed Grinder
  5332 | D:6      | Gained mutation: You regenerate magic rapidly. [demonic
                  | ancestry]
  5332 | D:6      | Reached XP level 9. HP: 66/66 MP: 9/9
  5599 | D:6      | Noticed Prince Ribbit
  5621 | D:6      | Killed Prince Ribbit
  5664 | D:6      | Found a staircase to the Ecumenical Temple.
  5680 | Temple   | Found a transporter.
  5680 | Temple   | Found a transporter.
  5680 | Temple   | Found a transporter.
  5680 | Temple   | Found a transporter.
  5680 | Temple   | Entered the Ecumenical Temple
  5849 | D:6      | Noticed Eustachio
  5858 | D:6      | Killed Eustachio
  5918 | D:6      | Reached skill level 5 in Fighting
  6238 | D:7      | Found a basalt altar of Yredelemnul.
  6238 | D:7      | Found a sacrificial altar of Ru.
  6245 | D:7      | Became a worshipper of Yredelemnul the Dark
  6286 | D:7      | Found a flagged portal.
  6290 | D:7      | Reached * piety under Yredelemnul
  6307 | Bailey   | Entered a bailey
  6411 | Bailey   | Reached skill level 5 in Dodging
  6418 | Bailey   | Reached ** piety under Yredelemnul
  6427 | Bailey   | Reached *** piety under Yredelemnul
  6428 | Bailey   | Gained mutation: Your touch may inflict irresistible damage
                  | on your foes. [demonic ancestry]
  6428 | Bailey   | Reached XP level 10. HP: 51/76 MP: 10/10
  6529 | Bailey   | Noticed a vault guard
  6540 | Bailey   | Killed a vault guard
  6541 | Bailey   | Reached skill level 5 in Throwing
  6747 | Bailey   | Noticed a vault guard
  6755 | Bailey   | Killed a vault guard
  7380 | D:7      | Found a runed translucent gate.
  7380 | D:7      | Found a runed translucent gate.
  7381 | D:7      | Found a runed translucent gate.
  7697 | D:7      | Noticed Laraso's ghost (novice VSEn)
  7909 | D:8      | Noticed Gastronok
  7920 | D:8      | Killed Gastronok
  8017 | D:8      | Noticed a two-headed ogre
  8022 | D:8      | Killed a two-headed ogre
  8023 | D:8      | Gained mutation: When hurt, damage is shared between your
                  | health and your magic reserves. [demonic ancestry]
  8023 | D:8      | Reached XP level 11. HP: 61/83 MP: 11/11
  8110 | D:8      | Noticed a two-headed ogre
  8119 | D:8      | Killed a two-headed ogre
  8371 | D:8      | Noticed a centaur warrior
  8375 | D:8      | Killed a centaur warrior
  8413 | D:8      | Paralysed by a hornet for 2 turns
  9689 | D:9      | Found a runed translucent door.
  9830 | D:9      | Found a shimmering altar of Xom.
  9830 | D:9      | Noticed timneilson's ghost (novice OpSh)
  9830 | D:9      | Noticed a +1 long sword of chaos
  9889 | D:9      | Found Gicinot's Armour Emporium.
  9892 | D:9      | Found Lohousoq's Book Emporium.
  9925 | D:9      | Noticed an arcanist
  9925 | D:9      | Noticed Amaemon
  9932 | D:9      | Killed Amaemon
  9938 | D:9      | Killed an arcanist
  9940 | D:9      | HP: 4/85 [poisoned by orange demon (concentrated venom)]
 10225 | D:9      | Reached skill level 10 in Unarmed Combat
 10413 | D:9      | Gained mutation: Your touch may irresistibly damage your
                  | foes and sap their willpower. [demonic ancestry]
 10413 | D:9      | Reached XP level 12. HP: 92/92 MP: 9/12
 10694 | D:9      | Noticed an ogre mage
 10703 | D:9      | Noticed a two-headed ogre
 10707 | D:9      | Killed an ogre mage
 10714 | D:9      | HP: 4/92 [orc priest/divine providence (12)]
 10776 | D:9      | HP: 1/92 [troll (7)]
 11090 | D:9      | Killed a two-headed ogre
 11500 | D:9      | Noticed a two-headed ogre
 11502 | D:9      | Reached skill level 10 in Shapeshifting
 11505 | D:9      | Killed a two-headed ogre
 11728 | D:9      | Found a stormy altar of Qazlal.
 12620 | D:9      | Killed timneilson's ghost
 12788 | D:9      | Bought the +2 leather armour of the Last Princes {rPois
                  | rN++ Str-4} for 379 gold pieces
 12802 | D:10     | Entered Level 10 of the Dungeon
 12883 | D:10     | Noticed Harold
 12890 | D:10     | Killed Harold
 12897 | D:10     | Found a staircase to the Lair.
 13146 | D:10     | Noticed a two-headed ogre
 13175 | Lair:1   | Entered Level 1 of the Lair of Beasts
 13179 | Lair:1   | Upgraded the game from 0.32-a0-18-g89e19f1974 to
                  | 0.32-a0-20-ge526923d97
 13377 | Lair:1   | Gained mutation: You punish those that try to bend your
                  | will. (Will+) [demonic ancestry]
 13377 | Lair:1   | Reached XP level 13. HP: 79/100 MP: 13/13
 14904 | Lair:2   | Noticed Urug
 15812 | Lair:2   | Reached **** piety under Yredelemnul
 16133 | Lair:2   | Killed Urug
 16140 | Lair:2   | Reached ***** piety under Yredelemnul
 16401 | Lair:2   | Found a staircase to the Swamp.
 16560 | Lair:2   | Reached skill level 1 in Invocations
 16580 | Lair:2   | Reached ****** piety under Yredelemnul
 17825 | Lair:3   | Lost mutation: You have large cloven feet. [potion of
                  | mutation]
 17825 | Lair:3   | Lost mutation: You have a pair of large horns on your head.
                  | [potion of mutation]
 17825 | Lair:3   | Gained mutation: You have sharp toenails. [potion of
                  | mutation]
 17825 | Lair:3   | Gained mutation: You are somewhat resistant to further
                  | mutation. [potion of mutation]
 17826 | Lair:3   | Lost mutation: You have sharp toenails. [potion of
                  | mutation]
 17826 | Lair:3   | Lost mutation: You are somewhat resistant to further
                  | mutation. [potion of mutation]
 17826 | Lair:3   | Gained mutation: Your spells are a little easier to cast,
                  | but a little less powerful. [potion of mutation]
 17826 | Lair:3   | Gained mutation: You have a pair of large horns on your
                  | head. [potion of mutation]
 17827 | Lair:3   | Lost mutation: Your spells are a little easier to cast, but
                  | a little less powerful. [potion of mutation]
 17827 | Lair:3   | Lost mutation: You have a pair of large horns on your head.
                  | [potion of mutation]
 17827 | Lair:3   | Gained mutation: Armour fits poorly on your strangely
                  | shaped body. [potion of mutation]
 17827 | Lair:3   | Gained mutation: You are frail. (-10% HP) [potion of
                  | mutation]
 18055 | Lair:3   | Gained mutation: You are mostly covered in sharp spines.
                  | [demonic ancestry]
 18055 | Lair:3   | Reached XP level 14. HP: 98/98 MP: 14/17
 18658 | Lair:3   | Found a staircase to the Snake Pit.
 19068 | Lair:4   | Reached skill level 5 in Invocations
 19571 | Lair:4   | Reached skill level 10 in Fighting
 19858 | Lair:4   | Found a runed translucent gate.
 19858 | Lair:4   | Noticed an acid blob
 19859 | Lair:4   | Found a runed translucent gate.
 19860 | Lair:4   | Found a runed translucent gate.
 19869 | Lair:4   | Noticed an acid blob
 19869 | Lair:4   | Noticed an azure jelly
 19869 | Lair:4   | Noticed an azure jelly
 19869 | Lair:4   | Noticed an azure jelly
 19869 | Lair:4   | Noticed an azure jelly
 19870 | Lair:4   | Noticed a quicksilver ooze
 19870 | Lair:4   | Noticed an azure jelly
 19870 | Lair:4   | Noticed Peulonen's ghost (journeyman TeDe)
 19871 | Lair:4   | Noticed an acid blob
 19871 | Lair:4   | Noticed an azure jelly
 19871 | Lair:4   | Noticed an acid blob
 20118 | Lair:4   | Identified the +0 leather armour of Sebb {Regen+ Int+3}
 20468 | Lair:4   | Found a viscous altar of Jiyva.
 20800 | D:7      | Killed Laraso's ghost
 21207 | D:11     | Found Kenoteuso's General Store.
 21261 | D:11     | Found a broken altar of Ashenzari.
 21427 | D:11     | HP: 3/99 [two-headed ogre/+0 giant club (14)]
 21973 | D:11     | Found a staircase to the Orcish Mines.
 22252 | Lair:5   | Entered Level 5 of the Lair of Beasts
 22320 | Lair:5   | HP: 3/99 [yak (9)]
 22320 | Lair:5   | Demolished by a seven-headed hydra

Illustrated notes

Levels and vault maps discovered:
D:1:      matt_arrival_grand_opening, layout_loops_ring
D:2:      layout_basic
D:3:      kb_forest_paths, layout_basic, basic_ecumenical_altar, minmay_cut_off
D:4:      layout_gridville, minmay_strange_pillars
D:5:      minmay_angry_zag, layout_cave_pools, enter_ossuary_3,
          chequers_serial_rivers_small_b, minmay_circle_x, uniq_grinder,
          uniq_edmund
D:6:      layout_cave_pods, temple_statues, uniq_prince_ribbit1, uniq_eustachio
D:7:      layout_loops_ring, chequers_temple_overflow_statue_of_worship,
          enter_bailey_2, gammafunk_ghost_necromancy, nicolae_underground_beach
D:8:      nzn_winding_woodlands_small [nzn_winding_woodlands_5x15_crooked,
          nzn_winding_woodlands_center_pierced_h,
          nzn_winding_woodlands_5x15_jagged], layout_loops_ring, uniq_gastronok
D:9:      lemuel_castle_with_subvaults [lemuel_castle_interior_carwin_2],
          layout_irregular_city, nicolae_qazlal_general_emergency, serial_shops,
          shop_statue, shop, ebering_ghost_xom, chequers_serial_rivers_room_b,
          lightli_wizard_tower, uniq_amaemon
D:10:     layout_small_grid, david_lair_generic, uniq_harold
D:11:     layout_loops_ring, erik_orc_1, serial_shops, shop,
          evilmike_ruin_ashenzari
Temple:   hellmonk_temple_divided_pantheon
Lair:1:   layout_roguey, grunt_megastairs_3, infiniplex_staircase_pool
Lair:2:   regret_index_malice_mire, layout_cave_shapes, swamp_mist_pool,
          serial_forest, infiniplex_forest_straight_4, infiniplex_forest_join,
          infiniplex_forest_straight_3, infiniplex_forest_end_2,
          infiniplex_forest_straight_2, infiniplex_forest_straight_3,
          infiniplex_forest_clump_double, uniq_urug
Lair:3:   layout_chaotic_city, alex1729_snake_entry_snake
Lair:4:   layout_roguey, gammafunk_ghost_ooze, st_stairs_5,
          serial_bayou_shore_a, infiniplex_staircase_pool_2,
          serial_bayou_shore_b, grunt_megastairs_5
Lair:5:   hangedman_lair_caniforms_friends, layout_gridlike,
          hangedman_lair_in_review, slime_entry_1,
          nicolae_lair_run_with_the_wolves

Skill      XL: |  1  2  3  4  5  6  7  8  9 10 11 12 13 14 |
---------------+-------------------------------------------+-----
Unarmed Combat | 3 4 5 6 7 8 10 11 12 | 12.9
Shapeshifting  | 3 4 5 6 7 8 9 10 11 12 | 12.0
Dodging        | 2 3 4 5 6 7 8 9 |  9.1
Fighting       | 2 3 4 5 6 7 8 9 10 | 10.2
Throwing       | 1 2 3 4 5 6 7 8 9 |  9.2
Invocations    | 4 6 |  6.9

Action                     |  1- 3 |  4- 6 |  7- 9 | 10-12 | 13-15 || total
---------------------------+-------+-------+-------+-------+-------++-------
  Melee: Unarmed           |   108 |    34 |       |       |    24 ||   166
         Headbutt          |    14 |     9 |    32 |    61 |    69 ||   185
         Punch             |     4 |     2 |     5 |    16 |    17 ||    44
         Short sword       |       |    29 |   149 |   293 |   275 ||   746
         Touch             |       |       |    15 |    52 |    59 ||   126
         Kick              |       |       |    33 |    97 |    53 ||   183
         Tailslap          |       |       |    13 |    42 |    50 ||   105
         Maw               |       |       |       |       |     5 ||     5
         Constrict         |       |       |       |       |     1 ||     1
  Throw: Dart              |       |     3 |       |       |    16 ||    19
         Javelin           |       |       |     6 |    15 |     6 ||    27
 Invoke: Dark Bargain      |       |       |       |     2 |       ||     2
  Evoke: Wand              |       |       |       |       |     1 ||     1
    Use: Potion            |       |     2 |     2 |     2 |     3 ||     9
         Scroll            |       |    10 |    12 |     5 |     5 ||    32
   Stab: Sleeping          |     2 |     2 |     1 |       |       ||     5
         Distracted        |       |       |       |     3 |     1 ||     4
         Petrified         |       |       |       |       |     2 ||     2
 Armour: Animal skin       |    48 |    45 |    22 |       |       ||   115
         Robe              |       |       |    51 |   187 |       ||   238
         Leather armour    |       |       |       |    26 |   199 ||   225
         Skin              |       |       |       |       |    35 ||    35
  Dodge: Dodged            |    60 |    31 |    55 |   217 |   211 ||   574
   Form: Beast             |       |       |       |     2 |     2 ||     4
         Flux              |       |       |       |     2 |     1 ||     3
                           |       |       |       |       |     1 ||     1
         Serpent           |       |       |       |       |     1 ||     1
         Maw               |       |       |       |       |     1 ||     1

Table legend: (Time is in decaauts)
 A = Elapsed time spent in this place.
 B = Non-inter-level travel time spent in this place.
 C = Inter-level travel time spent in this place.
 D = Time resting spent in this place.
 E = Time spent auto-exploring this place.
 F = Levels seen in this place.
 G = Mean time per level.
                   A        B        C        D        E       F      G
               +--------+--------+--------+--------+--------+-----+--------+
         Total |  23235 |  22117 |   1118 |   3287 |  13954 |  19 | 1222.9 |
       Dungeon |  14105 |  13286 |    819 |   1446 |   9171 |  11 | 1282.3 |
        Temple |     61 |     61 |      0 |      0 |      0 |   1 |   61.0 |
          Lair |   7356 |   7057 |    299 |   1060 |   4610 |   5 | 1471.2 |
       Ossuary |    821 |    821 |      0 |    211 |     96 |   1 |  821.0 |
        Bailey |    890 |    890 |      0 |    569 |     76 |   1 |  890.0 |
               +--------+--------+--------+--------+--------+-----+--------+

Top non-repeatable levels by time:
     D:9: 3199 daAuts
     D:8: 2272 daAuts
  Lair:2: 2156 daAuts
  Lair:4: 1863 daAuts
  Lair:1: 1829 daAuts
  Lair:3: 1439 daAuts
     D:6: 1179 daAuts
     D:4: 1147 daAuts
    D:10: 1007 daAuts
     D:2: 994 daAuts
     D:7: 967 daAuts
  Bailey: 890 daAuts
    D:11: 863 daAuts
     D:5: 861 daAuts
     D:1: 831 daAuts
